 Dungeon Crawl Stone Soup version 0.17-a0-1176-g3d5a0d0 (webtiles) character file.

195 Hanyuu the Insei (level 5, 30/33 HPs)
             Began as an Octopode Transmuter on May 30, 2015.
             Quit the game on level 3 of the Dungeon.
             The game lasted 00:07:09 (3019 turns).

Hanyuu the Insei (Octopode Transmuter)              Turns: 3019, Time: 00:07:09

Health: 30/33      AC:  1    Str: 10    XL:     5   Next: 74%
Magic:  8/8        EV: 13    Int: 16    God:
Gold:   123        SH:  0    Dex: 12    Spells: 3 memorised, 2 levels left

rFire  . . .     SeeInvis .       - Unarmed
rCold  + . .     Clarity  .     (no shield)
rNeg   + . .     SustAt   .     (helmet restricted)
rPois  .         Gourm    .     g - amulet of resist corrosion
rElec  .         Spirit   .     r - ring of positive energy
rCorr  +         Warding  .     u - ring of protection from cold
rMut   .         Stasis   .     (no ring)
MR     .....                    (no ring)
Stlth  ++........               (no ring)
                                (no ring)
                                (no ring)
                                (no ring)

@: not resistant to hostile enchantments, unstealthy
A: almost no armour, amphibious, 8 rings, constrict 8, camouflage 1, gelatinous
body 1
a: no special abilities


You were on level 3 of the Dungeon.
You were not hungry.

You visited 1 branch of the dungeon, and saw 3 of its levels.

You collected 123 gold pieces.

Inventory:

Missiles
 a - 12 arrows
 j - 6 javelins (quivered)
 o - 35 poisoned needles
 s - 7 tomahawks
 v - a throwing net
 x - 14 arrows of flame
Jewellery
 g - an amulet of resist corrosion (around mantle)
 r - a ring of positive energy (left tentacle)
 u - a ring of protection from cold (right tentacle)
Magical devices
 k - a wand of invisibility (5)
Scrolls
 d - a scroll of enchant armour {unknown}
 f - a scroll of recharging {unknown}
 i - a scroll of amnesia {unknown}
 l - a scroll of identify {unknown}
 n - 2 scrolls of teleportation {unknown}
 q - a scroll of magic mapping {unknown}
 t - 2 scrolls of remove curse {unknown}
Potions
 e - a potion of heal wounds {unknown}
 h - a potion of curing {unknown}
 m - a potion of agility {unknown}
 p - a potion of might {unknown}
Books
 b - a book of Changes

   Spells                             Type                      Level
   a - Beastly Appendage              Transmutation                1
   b - Sticks to Snakes               Transmutation                2
   c - Spider Form                    Transmutation/Poison         3
   d - Ice Form                       Ice/Transmutation            4
   e - Blade Hands                    Transmutation                5
Comestibles
 c - a bread ration
 w - 5 chunks of flesh


   Skills:
 - Level 1.0 Fighting
 + Level 2.8 Dodging
 * Level 5.7 Unarmed Combat
 - Level 2.0 Spellcasting
 - Level 2.0 Transmutations
 - Level 1.2 Poison Magic


You had 2 spell levels left.
You knew the following spells:

 Your Spells              Type           Power        Failure   Level  Hunger
a - Beastly Appendage     Trmt           #.....       10%         1    #......
b - Sticks to Snakes      Trmt           #.........   14%         2    ###....
c - Spider Form           Trmt/Pois      #.........   34%         3    ###....


Dungeon Overview and Level Annotations

Branches:
Dungeon (3/15)

Altars:
Elyvilon


Innate Abilities, Weirdness & Mutations

You cannot wear most types of armour.
You are amphibious.
You can wear up to eight rings at the same time.
You can use your tentacles to constrict eight enemies at once.
Your skin changes colour to match your surroundings (Stealth).
Your rubbery body absorbs attacks (AC +1).


Message History

You see here a stone.
You see here a stone.
You see here a whip.
Things that are here:
a dagger of venom; a ring mail You see here a club.
You now have 123 gold pieces (gained 13).
A hobgoblin comes into view. It is wielding a club.
The hobgoblin shouts!
Found 14 arrows of flame.
You tentacle-slap the hobgoblin. You grab the hobgoblin.
The hobgoblin is heavily wounded.
You constrict the hobgoblin. The hobgoblin hits you with a club.
You tentacle-slap the hobgoblin.
You kill the hobgoblin!
You see here a club.
x - 14 arrows of flame Done exploring.
Done exploring.
Are you sure you want to abandon this character and quit the game? (Confirm with "yes".)

#.########≈≈...≈≈##.## #.........
#.#<....##≈..♣.r≈##.#######.#####
#.#####..^....÷...#..............
#.# #....♣._.♣.....######.#####
#.# #.#...........((# #.# #.#
#.##≈..♣..≈##...# #.# ..#
#)##≈≈...≈≈##...# #)#
#######.####...####...# #.#
..............##@.#...# #.#
#######.#########.#...# #.# #.#
#.#..)# #.# #######.# #.....# #.#
.....##.# ######....# #.#
####.##.# #.........# #.#
####.##.# #.####.>#.# #.#
..##.##.# #.# ##.#.# #.#####
#.##.##.# #.# #.#.# #......


There were no monsters in sight!

Vanquished Creatures
  A scorpion (D:3)
  Ijyb (D:2)
  5 adders
  2 worms (D:2)
  A giant gecko (D:1)
  2 orcs (D:3)
  9 bats
  3 giant cockroaches
  8 hobgoblins
  8 jackals
  10 kobolds
  4 giant newts
  5 goblins
  A quokka (D:2)
  6 rats
66 creatures vanquished.

Vanquished Creatures (others)
  A jackal (D:3)
  A giant newt (D:3)
2 creatures vanquished.

Grand Total: 68 creatures vanquished

Notes
Turn   | Place    | Note
--------------------------------------------------------------
     0 | D:1      | Hanyuu the Octopode Transmuter began the quest for the Orb.
     0 | D:1      | Reached XP level 1. HP: 13/13 MP: 3/3
   216 | D:1      | Reached XP level 2. HP: 15/18 MP: 5/5
   435 | D:2      | Reached skill level 4 in Unarmed Combat
   682 | D:2      | Reached XP level 3. HP: 15/23 MP: 4/6
   687 | D:2      | Learned a level 2 spell: Sticks to Snakes
   691 | D:2      | Learned a level 3 spell: Spider Form
   852 | D:2      | Reached skill level 1 in Poison Magic
   976 | D:2      | Reached XP level 4. HP: 23/28 MP: 7/7
   977 | D:2      | Noticed Ijyb
   989 | D:2      | Killed Ijyb
  1115 | D:2      | Reached skill level 5 in Unarmed Combat
  1957 | D:3      | Reached XP level 5. HP: 33/33 MP: 8/8
  2076 | D:3      | Found a white marble altar of Elyvilon.
  3019 | D:3      | Quit the game

Vault maps used:
D:1:      ncdulo_watergridlock
D:2:      uniq_iyjb
D:3:      elyvilon_altar_4

Action                   |  1- 3 |  4- 6 || total
-------------------------+-------+-------++-------
Melee: Unarmed           |    63 |    92 ||   155
Throw: Javelin           |       |     4 ||     4
 Cast: Beastly Appendage |     3 |     4 ||     7
       Spider Form       |       |     3 ||     3
 Stab: Sleeping          |     6 |     5 ||    11
  Eat: Chunk             |       |     7 ||     7
